Map: Dusk Towers

Players

Beastyqt - Winner!

  • Race: Terran Terran

Kudo (Gamja)

  • Race: Zerg Zerg

Event: Gauntlet LotV Series 1 Qualifier 1

VOD

Have the link to the VOD?

Description

Time

  • Played on: Nov. 22, 2015, 3:35 p.m.
  • Length: 15:37

All games in this series

Show
View Real Time Build Order
Export as new Build Order

Beastyqt Terran - Winner!

Build Orders: Hellion Opening, Bio Tank 

Get SALT Encoding   

  12  0:01  SCV  
  13  0:13  SCV  
  14  0:18  Supply Depot  
  14  0:25  SCV  
  15  0:39  SCV  
  15  0:42  Barracks  
  16  0:47  Refinery  
  16  0:51  SCV  
  17  1:03  SCV  
  18  1:17  SCV  
  19  1:29  Orbital Command  
  19  1:31  Barracks Reactor  
  19  1:40  Command Center  
  19  1:50  Supply Depot  
  19  1:55  SCV  
  20  2:07  SCV, Marine x2  
  23  2:13  Factory  
  23  2:19  SCV  
  24  2:24  Marine x2  
  26  2:31  SCV  
  27  2:42  Marine x2  
  27  2:43  SCV  
  30  2:51  Orbital Command  
  30  2:55  SCV  
  31  2:59  Starport  
  31  3:06  Supply Depot  
  31  3:07  SCV  
  31  3:09  Hellion x2  
  36  3:14  Refinery  
  36  3:18  SCV  
  38  3:20  SCV  
  38  3:31  SCV, Hellion x2  
  38  3:32  SCV  
  44  3:43  SCV, Medivac  
  44  3:44  SCV  
  46  3:54  Hellion x2  
  46  3:55  SCV  
  50  3:56  SCV  
  50  3:57  Armory  
  50  4:07  SCV  
  50  4:08  SCV  
  52  4:16  Barracks Tech Lab  
  52  4:19  SCV  
  52  4:20  SCV  
  52  4:21  Command Center  
  52  4:23  Supply Depot  
  54  4:27  Liberator  
  54  4:32  Factory Reactor  
  54  4:33  Supply Depot  
  54  4:45  SCV x2  
  59  4:51  Barracks  
  59  4:54  Barracks  
  59  4:57  SCV x2, Marine  
  59  4:58  Stimpack  
  58  5:09  SCV  
  58  5:13  Liberator  
  53  5:16  SCV  
  53  5:20  Refinery x2  
  52  5:23  SCV  
  52  5:24  Factory Tech Lab, Barracks  
  52  5:25  Engineering Bay, Barracks  
  52  5:26  Engineering Bay  
  53  5:29  SCV, Bunker  
  53  5:35  Orbital Command  
  57  5:36  SCV  
  57  5:40  Marine  
  59  5:43  SCV  
  59  5:46  Marine x2  
  59  5:49  Siege Tank  
  65  5:51  SCV  
  65  5:54  Marine x2  
  65  5:56  SCV  
  69  5:57  Marine, Orbital Command  
  70  6:06  Marine  
  70  6:07  Terran Infantry Weapons Level 1, Terran Infantry Armor Level 1  
  70  6:08  SCV  
  72  6:14  Barracks Reactor  
  72  6:15  Barracks Reactor  
  72  6:16  Supply Depot, Marauder  
  74  6:19  SCV  
  74  6:20  SCV  
  74  6:22  SCV  
  77  6:27  Supply Depot  
  77  6:28  Siege Tank, Marine  
  77  6:31  SCV  
  77  6:32  SCV  
  83  6:36  Terran Vehicle Weapons Level 1  
  83  6:37  Supply Depot, Marine x2  
  83  6:39  Marine  
  86  6:40  SCV  
  86  6:42  Starport Reactor  
  86  6:43  SCV, Marine  
  86  6:46  Marine  
  90  6:48  Starport Reactor  
  90  6:49  Missile Turret  
  90  6:50  Supply Depot, SCV  
  91  6:54  Marine x2  
  91  6:57  SCV  
  91  6:58  Marine x2  
  91  6:59  Combat Shields  
  96  7:01  SCV  
  96  7:04  Refinery  
  96  7:05  Refinery  
  96  7:07  Siege Tank  
  100  7:08  SCV  
  100  7:13  Supply Depot  
  100  7:14  SCV  
  100  7:15  Supply Depot  
  102  7:16  Marine x3  
  102  7:17  Marine x2, Marauder  
  109  7:23  Missile Turret  
  109  7:25  Medivac x2  
  109  7:26  Supply Depot, Marine  
  109  7:28  SCV  
  115  7:32  SCV, Marine  
  115  7:34  Marine x2  
  115  7:35  SCV  
  120  7:39  Supply Depot  
  120  7:41  SCV  
  120  7:42  Siege Tank, Marine x2  
  120  7:44  SCV, Marine  
  127  7:47  Supply Depot  
  127  7:48  SCV  
  127  7:50  Marine x3  
  132  7:53  SCV  
  133  8:03  Terran Infantry Weapons Level 2, Terran Infantry Armor Level 2  
  133  8:05  Marine x2  
  132  8:07  Command Center  
  132  8:09  Marine x2  
  132  8:10  Marauder, Marine  
  135  8:14  Marine x2  
  135  8:24  Siege Tank, Marine x2  
  135  8:25  Supply Depot  
  141  8:27  Supply Depot  
  141  8:28  Marine x2  
  141  8:29  Medivac x2  
  141  8:32  Marauder  
  148  8:38  Marine x2  
  148  8:41  Marine x2  
  152  8:43  Terran Vehicle Weapons Level 2  
  152  8:44  Marine  
  152  8:45  Supply Depot  
  152  8:46  Supply Depot  
  153  8:50  Marine x3  
  153  8:53  Marauder  
  158  8:55  Marine x2  
  158  8:56  SCV x3  
  158  8:58  Siege Tank  
  158  9:01  Marine  
  167  9:13  Marine x2  
  167  9:14  Marine x2  
  167  9:19  Marine x2  
  167  9:20  Marine  
  167  9:22  Medivac x2  
  166  9:24  Marauder, Marine  
  166  9:31  Marine x2  
  159  9:32  Marine x2  
  159  9:34  Siege Tank  
  159  9:36  Marine  
  159  9:37  Marine  
  168  9:39  Marine  
  169  9:48  Supply Depot, Marine  
  169  9:49  Supply Depot, Marine, Marauder  
  169  9:52  Medivac  
  175  9:53  Factory, Barracks  
  175  9:55  Barracks  
  175  9:58  Barracks, Marine  
  175  9:59  Marine  
  177  10:07  Orbital Command  
  177  10:11  Missile Turret  
  177  10:12  Sensor Tower  
  177  10:17  Marine  
  177  10:18  Marauder, Marine  
  180  10:34  Marine x2  
  170  10:36  Marine x2  
  170  10:38  Marine  
  170  10:39  Marine x2  
  170  10:40  Liberator x2  
  170  10:41  Siege Tank  
  139  10:43  Marine  
  139  10:44  Marine  
  139  10:46  Factory Tech Lab, Barracks Tech Lab x2  
  141  10:56  Marauder, Marine x2  
  141  10:58  Terran Infantry Weapons Level 3, Terran Infantry Armor Level 3  
  147  11:10  Siege Tank  
  147  11:11  Barracks Tech Lab, Marine  
  150  11:12  Marauder x2, Marine x2  
  150  11:13  Siege Tank  
  150  11:16  Marine x5  
  150  11:17  Marine  
  150  11:18  Refinery  
  166  11:20  Refinery  
  166  11:29  Marine  
  166  11:30  Marauder, Marine x2  
  166  11:32  Terran Vehicle Weapons Level 3  
  170  11:33  Marine  
  170  11:34  Marine x2  
  170  11:35  Command Center  
  173  11:43  Marine x2  
  173  11:46  Siege Tank  
  173  11:47  Siege Tank, Marine x3  
  181  11:48  Marine x2  
  181  11:55  Marine x3  
  181  11:56  Marauder  
  181  11:59  Marine  
  187  12:14  Marauder, Marine x2  
  187  12:15  Marine x2  
  192  12:16  Marine  
  192  12:17  Marine x2  
  192  12:18  Marauder, Marine  
  192  12:19  Siege Tank  
  196  12:33  Medivac x2  
  197  12:49  Command Center  
  194  12:52  Starport  
  194  12:53  Fusion Core  
  194  12:54  Starport  
  183  13:07  Marauder x2, Marine x2  
  183  13:08  Siege Tank x2, Marine x2  
  194  13:13  Liberator  
  194  13:14  Liberator  
  194  13:21  Marine x2  
  195  13:35  Building Armor, Hi-Sec Auto Tracking  
  195  13:40  Siege Tank  
  198  13:45  Marauder  
  200  13:50  Starport Reactor, Starport Tech Lab  
  200  14:01  Command Center  
  200  14:02  Missile Turret  
  200  14:03  Missile Turret  
  200  14:05  Liberator  
  200  14:06  Liberator x2  
  198  14:37  Command Center  
  198  14:38  Command Center  
  198  14:44  Command Center  
  198  14:55  Marine  
  198  14:56  Marine x3  
  198  14:57  Marine  
  198  14:59  Marine  
  183  15:01  Marine  
  183  15:02  Medivac x2  
  183  15:03  Marauder x2, Marine  
  183  15:04  Marauder  
  180  15:08  Marauder  
  180  15:13  Marine  
  177  15:14  Marine  
  177  15:19  Marine x2  
Show
View Real Time Build Order
Export as new Build Order

Kudo Zerg 

Build Orders: Hatch First, Lurkers 

Get SALT Encoding   

  12  0:01  Drone  
  13  0:12  Overlord  
  13  0:17  Drone  
  14  0:32  Drone x2  
  16  0:36  Drone  
  17  0:53  Hatchery  
  17  0:55  Drone  
  17  0:58  Drone  
  18  1:09  Extractor  
  17  1:12  Spawning Pool  
  17  1:15  Drone  
  17  1:19  Drone  
  18  1:29  Drone  
  19  1:40  Overlord  
  19  2:00  Queen, Zergling x2  
  22  2:01  Zergling x2  
  22  2:05  Queen  
  25  2:11  Metabolic Boost  
  25  2:12  Drone  
  26  2:16  Zergling x2  
  26  2:17  Drone  
  28  2:23  Drone  
  28  2:27  Drone  
  30  2:34  Overlord  
  30  2:37  Drone  
  30  2:38  Queen  
  30  2:42  Queen  
  35  2:46  Drone  
  36  2:53  Drone  
  36  2:54  Drone  
  38  3:03  Drone  
  39  3:07  Drone  
  39  3:09  Drone x2  
  39  3:12  Overlord  
  42  3:13  Drone  
  42  3:14  Drone  
  42  3:19  Overlord  
  44  3:37  Roach Warren, Extractor  
  44  3:38  Hatchery  
  40  3:41  Drone x3  
  40  3:42  Drone  
  40  3:44  Overlord  
  44  3:53  Overlord  
  44  3:54  Overlord  
  43  4:09  Drone x4  
  46  4:14  Spore Crawler  
  46  4:15  Spore Crawler  
  44  4:17  Roach  
  44  4:18  Roach x2  
  44  4:21  Roach  
  52  4:25  Roach x2  
  52  4:29  Overlord  
  56  4:32  Drone x2  
  56  4:35  Lair  
  58  4:39  Drone x3  
  61  4:46  Overlord  
  61  4:50  Roach x2  
  65  4:56  Overlord  
  65  4:57  Roach x2  
  69  5:11  Drone  
  69  5:12  Drone x2  
  72  5:14  Drone  
  72  5:18  Drone  
  72  5:19  Drone  
  72  5:20  Drone x2  
  77  5:22  Extractor x2  
  77  5:24  Evolution Chamber  
  77  5:25  Evolution Chamber  
  77  5:26  Drone x2  
  77  5:27  Drone  
  76  5:35  Drone  
  76  5:36  Drone x3  
  76  5:37  Glial Reconstitution  
  76  5:40  Overlord  
  80  5:45  Overlord  
  83  5:50  Ravager x3  
  83  5:52  Drone  
  83  5:53  Drone x6  
  83  5:56  Extractor  
  89  5:57  Extractor  
  89  6:03  Drone  
  89  6:11  Drone x3  
  89  6:12  Drone  
  89  6:15  Drone x4  
  89  6:16  Drone  
  97  6:25  Overlord  
  97  6:26  Zerg Missile Weapons Level 1  
  97  6:27  Zerg Ground Armor Level 1  
  97  6:28  Drone x2  
  97  6:31  Hatchery  
  98  6:33  Overseer  
  98  6:34  Overlord  
  98  6:38  Roach x2  
  102  6:40  Overseer  
  102  6:44  Overlord  
  102  6:45  Overlord  
  102  6:47  Drone  
  102  6:48  Drone  
  102  6:49  Spore Crawler, Roach  
  102  6:51  Overlord  
  102  6:54  Overlord  
  105  7:09  Overlord x2  
  105  7:12  Roach x6  
  105  7:13  Roach x3  
  123  7:25  Overlord  
  123  7:28  Hatchery  
  122  7:31  Roach x4  
  122  7:33  Ravager x5  
  122  7:34  Ravager x5  
  140  7:41  Roach x5  
  150  7:49  Overlord  
  150  7:50  Hydralisk Den  
  149  7:52  Roach x4  
  157  8:06  Drone  
  157  8:07  Drone x8  
  157  8:11  Drone x2  
  166  8:17  Overlord  
  166  8:20  Overseer  
  163  8:27  Muscular Augments  
  163  8:28  Hydralisk x4  
  163  8:29  Hydralisk x3  
  173  8:43  Drone x4  
  177  8:51  Zerg Ground Armor Level 2, Zerg Missile Weapons Level 2  
  177  8:55  Spore Crawler  
  176  8:58  Roach x5  
  186  9:05  Ravager  
  151  9:33  Roach x19  
  179  9:39  Roach  
  179  9:40  Roach x4  
  183  9:47  Drone  
  183  9:48  Drone x10, Extractor  
  183  9:49  Extractor  
  192  9:53  Drone  
  193  10:00  Spore Crawler  
  193  10:02  Spore Crawler x2  
  193  10:03  Spore Crawler x2  
  193  10:06  Ravager x4  
  192  10:12  Spore Crawler  
  191  10:14  Spore Crawler, Hydralisk  
  191  10:15  Hydralisk x4  
  191  10:19  Lurker Den  
  200  10:25  Overlord x2  
  129  10:44  Roach x14  
  129  10:48  Pneumatized Carapace  
  150  11:09  Hydralisk  
  150  11:10  Hydralisk x7  
  166  11:17  Hatchery  
  130  11:47  Lurker x2  
  130  11:48  Lurker x4  
  130  11:50  Roach x13  
  130  11:51  Hydralisk x4  
  166  12:03  Roach  
  166  12:04  Roach x3  
  174  12:21  Roach x4  
  174  12:22  Roach x4  
  190  12:33  Queen  
  190  12:34  Drone, Extractor  
  190  12:35  Drone x4  
  196  12:37  Extractor  
  196  12:41  Roach x3  
  196  12:43  Drone x2  
  196  12:44  Drone x3  
  193  12:46  Drone x3  
  195  12:55  Ravager  
  195  12:56  Ravager x2  
  193  13:08  Ravager x4  
  193  13:09  Ravager  
  192  13:22  Infestation Pit  
  176  13:29  Overlord  
  176  13:30  Overlord  
  176  13:40  Hatchery  
  175  13:41  Overlord  
  175  13:45  Lurker x3  
  175  13:46  Lurker x2, Hydralisk x4  
  175  13:47  Hydralisk x6  
  198  13:58  Hydralisk  
  200  14:06  Spore Crawler x3  
  196  14:24  Roach x3  
  192  14:55  Roach  
  192  14:56  Roach x4  
  161  15:03  Roach x21  
Tags
 
Add a new tag
Caveats
  • Supply blocks, unpowered buildings, or Contaminate may cause inaccurate times.
  • Supply counts are checked every 10 seconds.